 Dungeon Crawl Stone Soup version 0.30-a0-134-gb40fab5c76 (webtiles) character file.

Game seed: 6950786564384293314

1290 Flugkiller the Conjurer (level 9, 0/71 HPs)
             Began as a Meteoran Ice Elementalist on Sept 19, 2022.
             Was a Follower of Uskayaw.
             Engulfed by a steam dragon's steam (8 damage)
             ... on level 7 of the Dungeon.
             The game lasted 00:11:18 (2016 turns).

Flugkiller the Conjurer (Meteoran Ice Elementalist) Turns: 2016, Time: 00:11:18

Health: 0/71       AC:  5    Str: 10    XL:     9   Next: 11%
Magic:  10/17      EV: 12    Int: 26    God:    Uskayaw [*.....]
Gold:   254        SH:  0    Dex: 15    Spells: 10/18 levels left

rFire   . . .      SeeInvis .    B - +6 spear "Hysalyet" {chaos, Int+5}
rCold   . . .      Faith    .    (no shield)
rNeg    . . .      Spirit   .    a - +0 robe
rPois   .          Reflect  .    f - +0 helmet
rElec   .          Harm     .    (no cloak)
rCorr   .          Rampage  .    (no gloves)
Will    +....                    c - +1 pair of boots
Stlth   +.........               (no amulet)
HPRegen 0.21/turn                (no ring)
MPRegen 0.15/turn                (no ring)

@: marked, glowing
A: sense surroundings 2, otherworldly, glowing, explore regen
a: Renounce Religion, Stomp


You were on level 7 of the Dungeon.
You worshipped Uskayaw.
Uskayaw was noncommittal.
You visited 2 branches of the dungeon, and saw 8 of its levels.
You also visited: Sewer, Ossuary and Bailey.

You collected 394 gold pieces.
You spent 140 gold pieces at shops.

Inventory:

Hand Weapons
 g - a +0 battleaxe
   (You found it on level 2 of the Dungeon)
 k - a +2 vampiric short sword
   (You found it on level 5 of the Dungeon)
 n - a +2 quarterstaff of pain
   (You found it in a sewer)
 B - the +6 spear "Hysalyet" (weapon) {chaos, Int+5}
   (You found it on level 7 of the Dungeon)

   Each time it hits an enemy it has a different, random effect.
   Int:       It affects your intelligence (+5).
Missiles
 o - 8 boomerangs
Armour
 a - a +0 robe (worn)
 c - a +1 pair of boots (worn)
   (You found it on level 2 of the Dungeon)
 f - a +0 helmet (worn)
   (You found it on level 5 of the Dungeon)
Jewellery
 p - an amulet of guardian spirit
   (You found it on level 3 of the Dungeon)
Wands
 C - a wand of roots (9)
   (You found it on level 6 of the Dungeon)
Scrolls
 d - a scroll of magic mapping
 e - a scroll of vulnerability
 j - a scroll of amnesia
 l - 2 scrolls of butterflies
 t - 3 scrolls of teleportation
 y - 2 scrolls of immolation
 z - a scroll of blinking
Potions
 b - a potion of magic
 h - a potion of haste
 i - a potion of berserk rage {unknown}
 m - a potion of lignification
 q - 6 potions of curing
 s - a potion of degeneration {unknown}
 u - 2 potions of flight
 v - a potion of resistance {unknown}
 w - a potion of mutation {unknown}
 A - a potion of attraction {unknown}


   Skills:
 - Level 4.0 Fighting
 - Level 2.4 Dodging
 - Level 1.4 Stealth
 - Level 5.0 Spellcasting
 + Level 7.2 Conjurations
 - Level 7.0 Ice Magic
 + Level 3.9 Evocations


You had 10 spell levels left.
You knew the following spells:

 Your Spells              Type           Power      Damage    Failure   Level
a - Freeze                Ice            100%       1d11      1%          1
b - Frozen Ramparts       Ice            84%        1d13      1%          3
c - Hailstorm             Conj/Ice       43%        3d10      4%          4

Your spell library contained the following spells:

 Spells                   Type           Power      Damage    Failure   Level
 Ozocubu's Armour         Ice            42%        N/A       1%          3
 Sublimation of Blood     Necr           6%         N/A       12%         2
 Irradiate                Conj/Tmut      12%        3d15      43%         5
 Petrify                  Tmut/Erth      6%         N/A       58%         4


Dungeon Overview and Level Annotations

Branches:
Dungeon (7/15) Zot: 2741   Temple (1/1) D:5 Zot: 561   Sewer (visited)
Ossuary (visited)          Bailey (visited)

Altars:
Elyvilon
Hepliaklqana
Uskayaw
Wu Jian
Xom

Shops:
D:7 ?(


Innate Abilities, Weirdness & Mutations

You passively map the area around you.
You are easily found by Zot.
You glow in the dark.
You regain HP and MP as you explore.


Message History

There is an empty arch of ancient stone here.
Unknown command.
An orc and an orc warrior come into view.
The orc shouts!
You hear a shout!
An orc comes into view. It is wielding a +0 arbalest.
The orc shouts!
Unknown command.
Unknown command.
Unknown command.
An orc warrior comes into view. It is wielding a +0 arbalest.
Found a gate leading back out of this place.
The orc warrior shouts!
The orc warrior shoots a bolt.
The bolt barely misses you.
Casting: Freeze (safe; 1% risk of failure)
Confirm with . or Enter, or press ? or * to list all spells.
You can't see any susceptible monsters within range! (Use Z to cast anyway.)
The orc warrior shoots a bolt.
The bolt hits you!!
Casting: Freeze (safe; 1% risk of failure)
Confirm with . or Enter, or press ? or * to list all spells.
You can't see any susceptible monsters within range! (Use Z to cast anyway.)
The orc warrior shoots a bolt.
The bolt hits you!
The orc shoots a bolt.
The bolt hits you!
Casting: Freeze (safe; 1% risk of failure)
Confirm with . or Enter, or press ? or * to list all spells.
A cannonade of hail descends around you!
The hail pelts the orc warrior!
The orc warrior is moderately wounded.
The hail pelts the orc.
The orc is almost dead.
The orc warrior shoots a bolt.
The bolt hits you!
The orc shoots a bolt.
The bolt closely misses you.
Casting: Hailstorm (dangerous; 4% risk of failure)
Confirm with . or Enter, or press ? or * to list all spells.
You miscast Hailstorm.
You are very lightly contaminated with residual magic.
Nothing appears to happen.
The orc warrior shoots a bolt.
The bolt barely misses you.
The orc shoots a bolt.
The bolt hits you!
* * * LOW HITPOINT WARNING * * *
Casting: Hailstorm (dangerous; 4% risk of failure)
Confirm with . or Enter, or press ? or * to list all spells.
A cannonade of hail descends around you!
The hail pelts the orc warrior!!
You kill the orc warrior!
The hail pelts the orc!
You kill the orc!
You can now pass through a line of other dancers.
Your life force feels restored.
Your Conjurations skill increases to level 7!
Unknown command.
Casting: Hailstorm (dangerous; 4% risk of failure)
Confirm with . or Enter, or press ? or * to list all spells.
A cannonade of hail descends around you!
The hail pelts the orc!
You kill the orc!
Unknown command.
Blink to where?
Press: ? - help, Dir - move target
As you read the scroll of blinking, it crumbles to dust.
Your magical contamination has completely faded away.
There is a gate leading back out of this place here.
You can no longer pass through a line of other dancers.
Welcome back to the Dungeon!
There is an empty arch of ancient stone here.
You enter the shallow water.
Moving in this stuff is going to be slow.
There is a stone staircase leading up here.
You climb upwards.
There is a stone staircase leading down here.
There is a stone staircase leading down here.
You climb downwards.
There is a stone staircase leading up here.
A centaur comes into view.
A sourceless malevolence fills the Dungeon...
With a horrendous wail, an alarm goes off!
A sentinel's mark forms upon you.
The centaur shouts!
You hear an angry hiss.
You hear a shout!
You hear a croak.
You hear a shout! x7
The centaur wields a +0 shortbow.
The centaur shoots an arrow.
The arrow hits you.
A steam dragon and a bullfrog come into view.
The centaur shoots an arrow.
The arrow hits you.
An orc comes into view. It is wielding a +0 hand axe.
The centaur shoots an arrow.
The arrow hits you but does no damage.
Casting: Hailstorm (dangerous; 4% risk of failure)
Confirm with . or Enter, or press ? or * to list all spells.
A cannonade of hail descends around you!
The hail pelts the centaur!!
The centaur is almost dead.
The centaur shoots an arrow.
The arrow hits you! The steam dragon breathes steam at you.
The ball of steam hits you!!
* * * LOW HITPOINT WARNING * * *
Okay, then.
Unknown command.
Unknown command.
As you read the scroll of fear, it crumbles to dust.
You assume a fearsome visage.
The centaur looks frightened!
The orc looks frightened!
The bullfrog looks frightened!
You are engulfed in a cloud of scalding steam.
You die...

,* #...∩≈≈.#####. , ,
#..## ##~≈≈≈≈.#####.
* *, ##..##
#<≈≈≈........ #.....#
##.#.....###8.
*.......
#.###......... ,
*.....F.
##.#.....####. *,* *
.......#####.......#
#.
>.......§§..........#
#. ,
....#§@##########.#
#. , ,, .***#.§# * #.
* , #.§# *, , , *c..#
* , , , *#..D# * * *
, *, *,, * , ..... ,
,,,, ,, ,, ,..o...,
** *,* , ,....... * *
, * * ,*


You could see a bullfrog (fleeing), a centaur (fleeing) and an orc (fleeing).

Vanquished Creatures
  Joseph (D:7)
  An ice beast (D:5)
  An orc warrior (Bailey)
  A centaur (D:6)
  A bullfrog (Sewer)
  2 scorpions (D:5)
  2 howler monkeys (D:6)
  A hound (D:4)
  2 jellies
  An iguana (D:5)
  8 mummies (Ossuary)
  11 adders
  3 gnolls (D:3)
  3 dart slugs
  6 orcs
  14 ball pythons
  4 endoplasms
  10 giant cockroaches
  6 goblins
  A hobgoblin (D:4)
  4 kobolds
  3 quokkas
  2 bats
  9 frilled lizards
  2 hobgoblin zombies (Ossuary)
  3 kobold zombies (Ossuary)
  3 orc zombies (Ossuary)
  6 rats
111 creatures vanquished.

Vanquished Creatures (others)
  3 fungi (D:3)
  4 plants (D:3)
7 creatures vanquished.

Grand Total: 118 creatures vanquished

Notes
Turn   | Place    | Note
-------+----------+-------------------------------------------
     0 | D:1      | Flugkiller the Meteoran Ice Elementalist began the quest
                  | for the Orb.
     0 | D:1      | Reached XP level 1. HP: 14/14 MP: 5/5
    59 | D:2      | Reached XP level 2. HP: 14/20 MP: 2/7
   276 | D:2      | Reached XP level 3. HP: 26/26 MP: 5/8
   321 | D:1      | Learned a level 3 spell: Frozen Ramparts
   383 | D:3      | Found a glowing drain.
   397 | Sewer    | Entered a sewer
   404 | Sewer    | Reached skill level 5 in Ice Magic
   419 | Sewer    | Reached XP level 4. HP: 33/33 MP: 4/10
   575 | Sewer    | Reached XP level 5. HP: 37/38 MP: 7/12
   610 | Sewer    | Noticed a bullfrog
   617 | Sewer    | Killed a bullfrog
   618 | Sewer    | Reached skill level 5 in Spellcasting
   618 | Sewer    | Reached XP level 6. HP: 20/46 MP: 4/14
   681 | D:3      | Learned a level 4 spell: Hailstorm
   734 | D:3      | Reached skill level 1 in Fighting
   861 | D:4      | Reached skill level 1 in Conjurations
   938 | D:5      | Entered Level 5 of the Dungeon
   945 | D:5      | Reached XP level 7. HP: 37/55 MP: 7/15
   957 | D:5      | Found a staircase to the Ecumenical Temple.
  1002 | Temple   | Entered the Ecumenical Temple
  1022 | Temple   | Became a worshipper of Uskayaw the Reveller
  1090 | D:5      | Reached * piety under Uskayaw
  1109 | D:5      | Reached ** piety under Uskayaw
  1126 | D:4      | Found a shimmering altar of Xom.
  1149 | D:4      | Reached *** piety under Uskayaw
  1180 | D:5      | Found a hazy altar of Hepliaklqana.
  1180 | D:5      | Found an ornate altar of the Wu Jian Council.
  1316 | D:5      | Found a sand-covered staircase.
  1327 | Ossuary  | Entered an ossuary
  1354 | Ossuary  | Reached XP level 8. HP: 64/64 MP: 1/16
  1611 | D:6      | Reached skill level 5 in Conjurations
  1870 | D:7      | Noticed Joseph
  1879 | D:7      | Killed Joseph
  1880 | D:7      | Gained mutation: You passively map the area around you.
                  | [Meteoran growth]
  1880 | D:7      | Reached XP level 9. HP: 39/71 MP: 2/17
  1903 | D:7      | Found a flagged portal.
  1906 | D:7      | Found Rueklis's Magic Scroll Shop.
  1908 | D:7      | Identified the +6 spear "Hysalyet" {chaos, Int+5}
  1925 | D:7      | Bought a scroll of butterflies for 56 gold pieces
  1925 | D:7      | Bought a scroll of identify for 28 gold pieces
  1926 | D:7      | Bought a scroll of identify for 28 gold pieces
  1926 | D:7      | Bought a scroll of identify for 28 gold pieces
  1945 | D:7      | Found Saqium's Weapon Emporium.
  1963 | Bailey   | Entered a bailey
  2016 | D:7      | Engulfed by a steam dragon's steam

Illustrated notes

Levels and vault maps discovered:
D:1:      minmay_arrival_radiant_lines, layout_basic,
          hangedman_abyss_or_decor_stabs
D:2:      layout_basic, serial_aquarium, aquarium_bridge_square
          [aquarium_subvault_bridge, aquarium_subvault_window,
          aquarium_subvault_bridge, aquarium_subvault_wall],
          aquarium_window_fake, aquarium_window_fake, aquarium_view_2b,
          aquarium_balcony_5a, aquarium_pool_four, minmay_tromino_v4_b,
          uniq_jessica
D:3:      layout_loops_cross, mainiacjoe_overflow_large_starburst,
          cheibrodos_sewer_entry_drain,
          dreamdust_ecumenical_altar_hidden_monk_grotto, serial_bayou_ford_a,
          st_stairs_2, grunt_ministairs_13
D:4:      layout_cave_pools, xom_teletrap_fun
D:5:      layout_basic, nicolae_overflow_two_pavilions,
          minmay_temple_entry_butterflies, enter_ossuary_3
D:6:      layout_gridville, chequers_garden, uniq_edmund
D:7:      layout_loops_ring, enter_bailey_2, serial_shops, nicolae_shop_crystal,
          nicolae_stop_n_shop_2, nicolae_shop_waterfront, shop,
          nicolae_square_shop, minmay_misc_feat_encased, uniq_joseph
Temple:   regret_index_temple_generic_petals

Skill      XL: |  1  2  3  4  5  6  7  8  9 |
---------------+----------------------------+-----
Spellcasting   | 3 4 5 |  5.0
Ice Magic      | 5 6 7 |  7.0
Fighting       | 2 3 4 |  4.0
Conjurations   | 2 3 6 7 |  7.2
Evocations     | 3 |  3.9
Dodging        | |  2.4
Stealth        | |  1.4

Action                   |  1- 3 |  4- 6 |  7- 9 || total
-------------------------+-------+-------+-------++-------
Melee: Unarmed           |    15 |       |    13 ||    28
       Punch             |     1 |       |       ||     1
       Battleaxe         |     2 |    16 |       ||    18
       Quarterstaff      |       |     3 |       ||     3
       Short sword       |       |       |    43 ||    43
 Cast: Freeze            |    33 |    43 |    34 ||   110
       Frozen Ramparts   |     2 |     8 |     4 ||    14
       Hailstorm         |       |       |    21 ||    21
Evoke: Wand              |       |       |     1 ||     1
  Use: Scroll            |       |       |    11 ||    11
       Potion            |       |       |     4 ||     4
 Stab: Paralysed         |       |       |     1 ||     1
Armor: Robe              |    20 |    30 |    24 ||    74
       Skin              |       |       |    11 ||    11
Dodge: Dodged            |    26 |    59 |    41 ||   126

Table legend: (Time is in decaauts)
 A = Elapsed time spent in this place.
 B = Non-inter-level travel time spent in this place.
 C = Inter-level travel time spent in this place.
 D = Time resting spent in this place.
 E = Time spent auto-exploring this place.
 F = Levels seen in this place.
 G = Mean time per level.
                   A        B        C        D        E       F      G
               +--------+--------+--------+--------+--------+-----+--------+
         Total |   2086 |   1886 |    200 |     17 |      0 |  11 |  189.6 |
       Dungeon |   1458 |   1275 |    183 |     17 |      0 |   7 |  208.3 |
        Temple |     38 |     21 |     17 |      0 |      0 |   1 |   38.0 |
         Sewer |    345 |    345 |      0 |      0 |      0 |   1 |  345.0 |
       Ossuary |    223 |    223 |      0 |      0 |      0 |   1 |  223.0 |
        Bailey |     20 |     20 |      0 |      0 |      0 |   1 |   20.0 |
               +--------+--------+--------+--------+--------+-----+--------+

Top non-repeatable levels by time:
     D:5: 361 daAuts
   Sewer: 345 daAuts
     D:2: 286 daAuts
     D:6: 283 daAuts
 Ossuary: 223 daAuts
     D:3: 169 daAuts
     D:1: 146 daAuts
     D:7: 120 daAuts
     D:4: 90 daAuts
  Temple: 38 daAuts
  Bailey: 20 daAuts
